 Dungeon Crawl Stone Soup version 0.29.1-12-g30fa7ad0bf (webtiles) character file.

Game seed: 9560740126597254581

17 KittyFluff the Trooper (level 2, 0/28 HPs)
             Began as a Gargoyle Berserker on Jan 15, 2023.
             Was a Follower of Trog.
             Slain by Jessica
             ... wielding a +6 club
              (7 damage)
             ... on level 2 of the Dungeon.
             The game lasted 00:03:57 (842 turns).

KittyFluff the Trooper (Gargoyle Berserker)          Turns: 842, Time: 00:03:57

Health: 0/28       AC:  7    Str: 20    XL:     2   Next: 62%
Magic:  2/2        EV: 11    Int:  7    God:    Trog [*.....]
Gold:   26         SH:  0    Dex:  9    Spells: 1/1 levels left

rFire   . . .      SeeInvis .   a - +0 mace
rCold   . . .      Faith    .   (no shield)
rNeg    + . .      Spirit   .   h - +0 leather armour
rPois   ∞          Reflect  .   (no helmet)
rElec   +          Harm     .   (no cloak)
rCorr   .          Rampage  .   (no gloves)
Will    .....                   e - +0 pair of boots
Stlth   ..........              (no amulet)
HPRegen 0.09/turn               (no ring)
MPRegen 0.08/turn               (no ring)

@: berserking, very quick
A: sickness immunity, AC +2, negative energy resistance 1, electricity
resistance, torment resistance 1, petrification resistance
a: Renounce Religion, Berserk


You were on level 2 of the Dungeon.
You worshipped Trog.
Trog was aware of your devotion.
You visited 1 branch of the dungeon, and saw 2 of its levels.

You collected 26 gold pieces.

Inventory:

Hand Weapons
 a - a +0 mace (weapon)
Missiles
 b - 2 stones (quivered)
Armour
 e - a +0 pair of boots (worn)
 g - a +1 ring mail of cold resistance
 h - a +0 leather armour (worn)
Scrolls
 c - a scroll of enchant armour {unknown}
 i - a scroll of amnesia {unknown}
Potions
 d - a potion of mutation {unknown}
 f - a potion of lignification {unknown}


   Skills:
 + Level 3.4 Fighting
 * Level 3.2 Maces & Flails
 * Level 2.6 Armour
 + Level 1.8 Dodging


You had one spell level left.
You didn't know any spells.
Your spell library was empty.

Dungeon Overview and Level Annotations

Branches:
Dungeon (2/15)

Altars:

Annotations:
D:2 Jessica


Innate Abilities, Weirdness & Mutations

You are immune to sickness and miasma.
Your stone body is resilient. (AC +2)
You are immune to poison.
You resist negative energy. (rN+)
You are resistant to electric shocks. (rElec)
You are resistant to unholy torment.
You are immune to petrification.


Message History

The ball python constricts you.
You closely miss the ball python. Your punch misses the ball python.
The ball python bites you but does no damage.
The ball python constricts you.
You hit the ball python.
You kill the ball python!
Trog accepts your kill.
You see here a ball python corpse.
Found a scroll labelled VEN ESIALLIG and a book of Displacement.
A rat comes into view.
You see here 2 stones.
b - 2 stones The rat barely misses you.
You closely miss the rat. The rat bites you but does no damage.
The rat barely misses you.
You sock the rat!
You kill the rat!
Trog accepts your kill.
You see here a rat corpse.
i - a scroll labelled VEN ESIALLIG
There is a stone staircase leading down here.
You climb downwards.
Found 2 stones.
There is a stone staircase leading up here.
Jessica mumbles some strange words.
Jessica blinks!
Jessica gestures at you while chanting. Pain shoots through your body!
Jessica points at you and mumbles some strange words.
Pain shoots through your body!
Jessica mumbles some strange words.
Jessica seems to speed up.
Jessica hits you with a +6 club!
You closely miss Jessica. Jessica completely misses you.
Jessica hits you with a +6 club.
* * * LOW HITPOINT WARNING * * *
A red film seems to cover your vision as you go berserk!
You feel yourself moving faster!
You feel mighty! Jessica hits you with a +6 club!
You die...

##+##
##...##
##.....##
##.......##
#.........#
+(......<.+
#...@@....#
##.......##
##.....##
##...##
##+##


You could see Jessica (fast).

Vanquished Creatures
  An endoplasm (D:1)
  A giant cockroach (D:1)
  A goblin (D:1)
  A hobgoblin (D:1)
  2 jackals (D:1)
  A quokka (D:1)
  4 ball pythons (D:1)
  A bat (D:1)
  A frilled lizard (D:1)
  4 rats (D:1)
17 creatures vanquished.

Notes
Turn   | Place    | Note
-------+----------+-------------------------------------------
     0 | D:1      | KittyFluff the Gargoyle Berserker began the quest for the
                  | Orb.
     0 | D:1      | Reached XP level 1. HP: 14/14 MP: 1/1
   345 | D:1      | Reached XP level 2. HP: 19/19 MP: 2/2
   833 | D:2      | Noticed Jessica
   842 | D:2      | Slain by Jessica

Illustrated notes

Levels and vault maps discovered:
D:1:      wander_arrival_chamber, layout_basic
D:2:      layout_loops_corners, basic_altar, minmay_misc_feat_square,
          uniq_jessica

Action                   || total
-------------------------++-------
Melee: Mace              ||    48
Invok: Berserk           ||     1
Armor: Animal skin       ||    19
       Leather armour    ||     2
Dodge: Dodged            ||    44
